 Dungeon Crawl Stone Soup version 0.29-a0-337-g68df138881 (webtiles) character file.

Game seed: 3457562415002110326

37 Dauddaud the Chopper (level 3, -1/33 HPs)
             Began as a Minotaur Berserker on Apr 16, 2022.
             Was a Follower of Trog.
             Succumbed to an orc's poison
             ... on level 3 of the Dungeon.
             The game lasted 00:02:05 (1137 turns).

Dauddaud the Chopper (Minotaur Berserker)           Turns: 1137, Time: 00:02:05

Health: -1/33      AC:  2    Str: 23    XL:     3   Next: 23%
Magic:  0/0        EV: 12    Int:  4    God:    Trog [*.....]
Gold:   77         SH:  0    Dex:  9    Spells: 2/2 levels left

rFire   + + +      SeeInvis .   a - +0 hand axe
rCold   . . .      Faith    .   (no shield)
rNeg    . . .      Spirit   .   b - +0 animal skin
rPois   +          Reflect  .   (helmet restricted)
rElec   .          Harm     .   (no cloak)
rCorr   +          Rampage  .   (no gloves)
Will    .....                   (no boots)
Stlth   +.........              (no amulet)
HPRegen 0.11/turn               e - ring of the Morning {rPois rF+++ rCorr MP-9 Slay+4}
MPRegen 0.07/turn               (no ring)

@: lethally poisoned (-1 -> -3), on berserk cooldown, flying, slowed, invisible,
very slow
A: horns 2, retaliatory headbutt
a: Renounce Religion, Berserk


You were on level 3 of the Dungeon.
You worshipped Trog.
Trog was aware of your devotion.
You visited 1 branch of the dungeon, and saw 3 of its levels.

You collected 77 gold pieces.

Inventory:

Hand Weapons
 a - a +0 hand axe (weapon)
Armour
 b - a +0 animal skin (worn)
Jewellery
 e - the ring of the Morning (left hand) {rPois rF+++ rCorr MP-9 Slay+4}
   (You found it on level 2 of the Dungeon)

   [ring of slaying]

   Slay:      It affects your accuracy & damage with ranged weapons and melee
   (+4).
   rF:        It renders you almost immune to fire.
   rPois:     It protects you from poison.
   MP:        It affects your magic capacity (-9).
   rCorr:     It protects you from acid and corrosion.
 i - a ring of fire
Wands
 h - a wand of paralysis (8)
Scrolls
 g - a scroll of fog {unknown}
 l - a scroll of magic mapping {unknown}
Potions
 c - a potion of curing {unknown}
 d - a potion of haste {unknown}
 f - a potion of might {unknown}
 j - a potion of attraction {unknown}


   Skills:
 - Level 3.8 Fighting
 + Level 4.8 Axes
 - Level 2.7 Armour
 - Level 2.4 Dodging


You had 2 spell levels left.
You didn't know any spells.
Your spell library was empty.

Dungeon Overview and Level Annotations

Branches:
Dungeon (3/15)

Altars:

Shops:
D:2 *


Innate Abilities, Weirdness & Mutations

You have a pair of horns on your head.
You reflexively headbutt those who attack you in melee.


Message History

A red film seems to cover your vision as you go berserk!
You feel yourself moving faster!
You feel mighty!
You feel sick.
The orc hits you with a +2 short sword of venom.
* * * LOW HITPOINT WARNING * * *
The rat barely misses you.
You slash the orc!
You kill the orc!
Trog accepts your kill.
You hit the rat.
You kill the rat!
Trog accepts your kill.
* * * LOW HITPOINT WARNING * * *
You feel sick.
Okay, then.
You start resting.
* * * LOW HITPOINT WARNING * * *
You feel sick.
You start resting.
You feel a strong urge to attack something.
* * * LOW HITPOINT WARNING * * *
You feel sick.
You start resting.
* * * LOW HITPOINT WARNING * * *
You feel sick.
You start resting.
You feel your anger nearly subside.
You are no longer berserk.
You are exhausted.
You feel yourself slow down.
* * * LOW HITPOINT WARNING * * *
You feel sick.
There is a lethal amount of poison in your body!
Okay, then.
It was a potion of flight.
You feel very buoyant.
You fly up into the air.
* * * LOW HITPOINT WARNING * * *
You feel sick.
It was a potion of invisibility.
You fade into invisibility!
You die...

## ...##########
............##
........#....##.
#<@)......
##.)#.##.. ..##
..#. .<. .. #...
... ..$# ....
.#.. .....


There were no monsters in sight!

Vanquished Creatures
  2 adders (D:2)
  A dart slug (D:2)
  3 orcs (D:3)
  2 ball pythons (D:2)
  A bat (D:2)
  3 giant cockroaches
  A kobold (D:2)
  3 rats
16 creatures vanquished.

Notes
Turn   | Place    | Note
-------+----------+-------------------------------------------
     0 | D:1      | Dauddaud the Minotaur Berserker began the quest for the
                  | Orb.
     0 | D:1      | Reached XP level 1. HP: 19/19 MP: 0/0
    68 | D:1      | You fall into a shaft and drop 1 floor!
    68 | D:2      | Found Roudd's Assorted Antiques.
    87 | D:2      | Identified the ring of the Morning {rPois rF+++ rCorr MP-9
                  | Slay+4}
   363 | D:2      | Reached XP level 2. HP: 18/27 MP: 0/1
   754 | D:2      | Reached skill level 4 in Axes
   939 | D:2      | Reached XP level 3. HP: 33/33 MP: 0/2
  1005 | D:2      | Found a faded altar of an unknown god.
  1136 | D:3      | HP: 1/33 [poisoned by an orc]
  1137 | D:3      | Succumbed to an orc's poison

Illustrated notes

Levels and vault maps discovered:
D:1:      dpeg_arrival_long_road, layout_loops_cross, serial_shops,
          nicolae_shop_stone, nicolae_shop_hallway_plus, shop, shop
D:2:      layout_loops_corners, serial_shops, shop,
          ebering_ecumenical_altar_mist
D:3:      layout_rooms

Skill      XL: |  1  2 |
---------------+-------+-----
Axes           | 4 |  4.8
Fighting       | |  3.8
Armour         | |  2.7
Dodging        | |  2.4

Action                   || total
-------------------------++-------
Melee: Hand axe          ||    29
       Headbutt          ||     6
Invok: Berserk           ||     1
  Use: Potion            ||     2
Armor: Animal skin       ||     5
Dodge: Dodged            ||    21

Table legend: (Time is in decaauts)
 A = Elapsed time spent in this place.
 B = Non-inter-level travel time spent in this place.
 C = Inter-level travel time spent in this place.
 D = Time resting spent in this place.
 E = Time spent auto-exploring this place.
 F = Levels seen in this place.
 G = Mean time per level.
                   A        B        C        D        E       F      G
               +--------+--------+--------+--------+--------+-----+--------+
         Total |   1137 |   1120 |     17 |      0 |   1032 |   3 |  379.0 |
       Dungeon |   1137 |   1120 |     17 |      0 |   1032 |   3 |  379.0 |
               +--------+--------+--------+--------+--------+-----+--------+

Top non-repeatable levels by time:
     D:2: 1055 daAuts
     D:1: 68 daAuts
     D:3: 14 daAuts
